 Dungeon Crawl Stone Soup version 0.27.1-2-g3b301248ec (webtiles) character file.

Game seed: 3847036330784720208

2 Rickety the Stinger (level 1, 13/13 HPs)
             Began as a Gnoll Venom Mage on Sept 25, 2021.
             Quit the game on level 2 of the Dungeon.
             The game lasted 00:00:31 (241 turns).

Rickety the Stinger (Gnoll Venom Mage)               Turns: 241, Time: 00:00:31

Health: 13/13      AC:  3    Str:  7    XL:     1   Next: 30%
Magic:  6/6        EV: 12    Int: 14    God:
Gold:   10         SH:  0    Dex: 12    Spells: 8/9 levels left

rFire    . . .     SeeInvis .   (no weapon)
rCold    . . .     Faith    .   (no shield)
rNeg     . . .     Spirit   .   b - +0 leather armour
rPois    .         Reflect  .   (no helmet)
rElec    .         Harm     .   (no cloak)
rCorr    .         Rampage  .   (no gloves)
Will     .....                  (no boots)
Stlth    ++........             (no amulet)
HPRegen  0.04/turn              (no ring)
MPRegen  0.10/turn              (no ring)

@: no status effects
A: fangs 1, strong nose, distributed training
a: no special abilities


You were on level 2 of the Dungeon.
You visited 1 branch of the dungeon, and saw 2 of its levels.

You collected 10 gold pieces.

Inventory:

Armour
 a - a +0 robe
 b - a +0 leather armour (worn)


   Skills:
 + Level 0.0 Fighting
 + Level 0.0 Short Blades
 + Level 0.0 Long Blades
 + Level 0.0 Axes
 + Level 0.0 Maces & Flails
 + Level 0.0 Polearms
 + Level 0.0 Staves
 + Level 0.0 Slings
 + Level 0.0 Bows
 + Level 0.0 Crossbows
 + Level 0.0 Throwing
 + Level 0.0 Armour
 + Level 4.4 Dodging
 + Level 4.0 Stealth
 + Level 0.0 Shields
 + Level 0.0 Unarmed Combat
 + Level 4.8 Spellcasting
 + Level 0.0 Conjurations
 + Level 0.0 Hexes
 + Level 0.0 Summonings
 + Level 0.0 Necromancy
 + Level 0.0 Translocations
 + Level 1.9 Transmutations
 + Level 0.0 Fire Magic
 + Level 0.0 Ice Magic
 + Level 0.0 Air Magic
 + Level 0.0 Earth Magic
 + Level 5.3 Poison Magic
 + Level 0.1 Invocations
 + Level 0.0 Evocations


You had 8 spell levels left.
You knew the following spells:

 Your Spells              Type           Power      Damage    Failure   Level
a - Sting                 Tmut/Pois      52%        1d5       6%          1

Your spell library contained the following spells:

 Spells                   Type           Power      Damage    Failure   Level
 Poisonous Vapours        Pois/Air       20%        N/A       13%         2
 Olgreb's Toxic Radiance  Pois           18%        N/A       30%         4
 Mephitic Cloud           Conj/Pois/Air  8%         N/A       36%         3


Dungeon Overview and Level Annotations

Branches:
Dungeon (2/15)

Altars:

Annotations:
D:2 Sigmund


Innate Abilities, Weirdness & Mutations

You have very sharp teeth.
Your uncanny sense of smell can sniff out nearby items.
Your experience applies equally to all skills.


Message History

You hit the hobgoblin but do no damage.
The hobgoblin is almost dead.
The hobgoblin barely misses you.
You hit the hobgoblin.
You kill the hobgoblin!
The dart slug launches a dart at you.
The slug dart hits you but does no damage.
The frilled lizard barely misses you. The frilled lizard closely misses you.
The kobold throws a stone.
The stone closely misses you.
There is a stone staircase leading down here.
The frilled lizard bites you.
You climb downwards.
Found a stone staircase leading down.
There is a stone staircase leading up here.
Aiming: Sting (safe; 4% risk of failure)
Press: ? - help, Q - select action Shift-Dir - straight line, f - frilled lizard
Aim: a frilled lizard (53% to hit)
The sting hits the frilled lizard.
The frilled lizard is poisoned.
You kill the frilled lizard!
Unknown command.
You start resting.
Magic restored.
You start resting.
HP restored.
Found 10 gold pieces.
You now have 10 gold pieces.
Found a leather armour.
A worm comes into view.
The worm moves out of view.
You see here a +0 leather armour.
b - a +0 leather armour You start removing your armour.
You continue taking off your +0 robe. x4
You finish taking off your +0 robe.
You start putting on your armour.
You continue putting on your +0 leather armour. x5
You finish putting on your +0 leather armour.
A hobgoblin and Sigmund come into view.
Sigmund shouts!
Are you sure you want to abandon this character and quit the game? (Confirm with "yes".)

.. #. g .# ###. ####.@
###########
####....######.........#
.......@...............#
..############.........#
########.######
#.#########........#
#...<.......########
##>...####.## #....####
#..# J..### ##... ##
##..


You could see Sigmund and a hobgoblin (wandering).

Vanquished Creatures
  A hobgoblin (D:1)
  A frilled lizard (D:2)
2 creatures vanquished.

Notes
Turn   | Place    | Note
-------+----------+-------------------------------------------
     0 | D:1      | Rickety the Gnoll Venom Mage began the quest for the Orb.
     0 | D:1      | Reached XP level 1. HP: 13/13 MP: 6/6
   240 | D:2      | Noticed Sigmund
   241 | D:2      | Quit the game

Illustrated notes

Levels and vault maps discovered:
D:1:      nzn_arrival_water_spiral, layout_rooms
D:2:      layout_rooms, uniq_sigmund

Action                   || total
-------------------------++-------
Melee: Unarmed           ||     5
 Cast: Sting             ||     4
Armor: Robe              ||     2
Dodge: Dodged            ||     6
